3AAA
ELLENBURG FIGHTING DACHSUNDS @ SALT LAKE CITY BUZZ
09/01/2038
 
TOP OF THE 1ST
Ellenburg Fighting Dachsunds batting - Pitching for Salt Lake City Buzz : RHP Guillermo Guerrero
Pitching: RHP Guillermo Guerrero
Batting: RHB Sze Qi 0-0: Swinging Strike
0-1: Swinging Strike
0-2: Ball
1-2: Strikes out looking
Batting: RHB Arvi Sutinen 0-0: Called Strike
0-1: Ball
1-1: Ball
2-1: Fly out, F8 (Line Drive, 8LD, EV 95.0 MPH)
Batting: RHB Alfredo Martínez 0-0: Ball
1-0: Ball
2-0: Ball
3-0: Base on Balls
Batting: LHB Louie Shufflebotham 0-0: Called Strike
0-1: Ball
Alfredo Martínez steals 2nd base
1-1: Ground out U3 (Groundball, 3, EV 103.8 MPH)
Top of the 1st over - 0 runs, 0 hits, 0 errors, 1 left on base; Ellenburg 0 - Salt Lake City 0
BOTTOM OF THE 1ST
Salt Lake City Buzz batting - Pitching for Ellenburg Fighting Dachsunds : RHP Arturo Mesa
Pitching: RHP Arturo Mesa
Batting: SHB Cheong-hun Kang 0-0: Called Strike
0-1: Ball
1-1: Fly out, F5 (Line Drive, 5, EV 66.2 MPH)
Batting: RHB Germán Espantoso 0-0: Ball
1-0: Fly out, F8 (Flyball, 8RD, EV 87.5 MPH)
Batting: LHB Jackson Curry 0-0: Ball
1-0: Ground out 1-3 (Groundball, P, EV 86.2 MPH)
Bottom of the 1st over - 0 runs, 0 hits, 0 errors, 0 left on base; Ellenburg 0 - Salt Lake City 0
TOP OF THE 2ND
Ellenburg Fighting Dachsunds batting - Pitching for Salt Lake City Buzz : RHP Guillermo Guerrero
Batting: RHB Peter Heard 0-0: Fly out, F9 (Flyball, 89M, EV 82.5 MPH)
Batting: RHB Manuel Guillama 0-0: Ball
1-0: Ground out 6-3 (Groundball, 6, EV 81.2 MPH)
Batting: RHB Sameen Shaw 0-0: Foul Ball, location: 2F
0-1: Ball
1-1: Fly out, F9 (Flyball, 9, EV 92.5 MPH)
Top of the 2nd over - 0 runs, 0 hits, 0 errors, 0 left on base; Ellenburg 0 - Salt Lake City 0
BOTTOM OF THE 2ND
Salt Lake City Buzz batting - Pitching for Ellenburg Fighting Dachsunds : RHP Arturo Mesa
Batting: RHB Scott Ramsey 0-0: Ball
1-0: Foul Ball, location: 2F
1-1: Foul Ball, location: 2F
1-2: Strikes out swinging
Batting: LHB Orlando Casillas 0-0: Called Strike
0-1: Swinging Strike
0-2: Ball
1-2: Ball
2-2: Ball
3-2: Foul Ball, location: 2F
3-2: Foul Ball, location: 2F
3-2: Base on Balls
Batting: RHB Fontana Contaldo 0-0: Ball
1-0: Fly out, F7 (Flyball, 7S, EV 83.8 MPH)
Batting: RHB Fytor Ceia 0-0: Ball
1-0: Fielders Choice at 2nd, U4 (Groundball, 4M, EV 86.2 MPH)
Bottom of the 2nd over - 0 runs, 0 hits, 0 errors, 1 left on base; Ellenburg 0 - Salt Lake City 0
TOP OF THE 3RD
Ellenburg Fighting Dachsunds batting - Pitching for Salt Lake City Buzz : RHP Guillermo Guerrero
Batting: LHB Lowell Evans 0-0: SINGLE (Groundball, 34D, EV 96.2 MPH)
Batting: RHB Al Grant 0-0: Ball
1-0: Called Strike
1-1: Ball
2-1: Called Strike
2-2: Hit by Pitch
Lowell Evans to second
Batting: RHB Sze Qi 0-0: Ball
1-0: Ball
2-0: Ball
3-0: Base on Balls
Lowell Evans to third
Al Grant to second
Batting: RHB Arvi Sutinen 0-0: Called Strike
0-1: Foul Ball, location: 2F
0-2: Ball
1-2: Strikes out swinging
Batting: RHB Alfredo Martínez 0-0: Foul Ball, location: 2F
0-1: Ball
1-1: SINGLE (Groundball, 6MD, EV 104.4 MPH)
Lowell Evans scores
Al Grant to third
Sze Qi to second
Batting: LHB Louie Shufflebotham 0-0: SINGLE (Groundball, 4MD, EV 100.0 MPH)
Al Grant scores
Sze Qi to third
Alfredo Martínez to second
Runner from 3rd tries for Home, SAFE, no throw by CF
Batting: RHB Peter Heard 0-0: Ball
Alfredo Martínez steals 3rd base (no throw)
Louie Shufflebotham to second
1-0: Called Strike
1-1: Foul Ball, location: 2F
1-2: Foul Ball, location: 2F
1-2: Ball
2-2: SINGLE (Line Drive, 89M, EV 103.1 MPH)
Alfredo Martínez scores
Louie Shufflebotham to third
Batting: RHB Manuel Guillama 0-0: Ball
Peter Heard steals 2nd base
1-0: Foul Ball, location: 2F
1-1: Swinging Strike
1-2: Ball
2-2: Ball
3-2: SINGLE (Groundball, 6D, EV 102.5 MPH)
Louie Shufflebotham scores
Peter Heard to third
Runner from 3rd tries for Home, throw by CF and OUT! 8-2
Batting: RHB Sameen Shaw 0-0: Foul Ball, location: 2F
0-1: Swinging Strike
0-2: Strikes out swinging
Top of the 3rd over - 5 runs, 5 hits, 0 errors, 1 left on base; Ellenburg 5 - Salt Lake City 0
BOTTOM OF THE 3RD
Salt Lake City Buzz batting - Pitching for Ellenburg Fighting Dachsunds : RHP Arturo Mesa
Batting: RHB Hui-ying Sun 0-0: Ball
1-0: Called Strike
1-1: Swinging Strike
1-2: Foul Ball, location: 2F
1-2: Ball
2-2: Strikes out swinging
Batting: RHB Frank Simon 0-0: DOUBLE (Line Drive, 7LM, EV 105.6 MPH)
Batting: SHB Cheong-hun Kang 0-0: Ball
1-0: Ball
2-0: 2-RUN HOME RUN (Flyball, 9D, EV 103.1 MPH), Distance : 395 ft
Batting: RHB Germán Espantoso 0-0: Ball
1-0: Called Strike
1-1: Ball
2-1: Foul Ball, location: 2F
2-2: Foul Ball, location: 2F
2-2: Foul Ball, location: 2F
2-2: Strikes out swinging, 2-3 out at first.
Batting: LHB Jackson Curry 0-0: Called Strike
0-1: Ball
1-1: Foul Ball, location: 2F
1-2: Ground out 4-3 (Groundball, 4, EV 108.1 MPH)
Bottom of the 3rd over - 2 runs, 2 hits, 0 errors, 0 left on base; Ellenburg 5 - Salt Lake City 2
TOP OF THE 4TH
Ellenburg Fighting Dachsunds batting - Pitching for Salt Lake City Buzz : RHP Guillermo Guerrero
Batting: LHB Lowell Evans 0-0: Called Strike
0-1: Ball
1-1: Swinging Strike
1-2: Ball
2-2: Foul Ball, location: 2F
2-2: Ball
3-2: Strikes out swinging
Batting: RHB Al Grant 0-0: Foul Ball, location: 2F
0-1: Ball
1-1: Foul Ball, location: 2F
1-2: Ball
2-2: Ball
3-2: SOLO HOME RUN (Flyball, 9D, EV 101.2 MPH), Distance : 384 ft
Batting: RHB Sze Qi 0-0: Ball
1-0: Called Strike
1-1: Ground out 5-3 (Groundball, 56S, EV 85.0 MPH)
Batting: RHB Arvi Sutinen 0-0: Swinging Strike
0-1: Ball
1-1: Ball
2-1: Ball
3-1: Base on Balls
Batting: RHB Alfredo Martínez 0-0: Ball
1-0: Ball
2-0: Foul Ball, location: 2F
2-1: Swinging Strike
2-2: Foul Ball, location: 2F
2-2: Foul Ball, location: 2F
2-2: Ball
3-2: Base on Balls
Arvi Sutinen to second
Batting: LHB Louie Shufflebotham 0-0: Called Strike
0-1: Ball
1-1: Ground out 5-3 (Groundball, 56S, EV 81.9 MPH)
Top of the 4th over - 1 run, 1 hit, 0 errors, 2 left on base; Ellenburg 6 - Salt Lake City 2
BOTTOM OF THE 4TH
Salt Lake City Buzz batting - Pitching for Ellenburg Fighting Dachsunds : RHP Arturo Mesa
Batting: RHB Scott Ramsey 0-0: Ball
1-0: Foul Ball, location: 2F
1-1: Ball
2-1: Called Strike
2-2: Foul Ball, location: 2F
2-2: Ball
3-2: Foul Ball, location: 2F
3-2: Foul Ball, location: 2F
3-2: Foul Ball, location: 2F
3-2: Base on Balls
Batting: LHB Orlando Casillas 0-0: Called Strike
0-1: Ball
1-1: Called Strike
1-2: Ball
2-2: Fly out, F2 (Popup, 25F, EV 73.1 MPH)
Batting: RHB Fontana Contaldo 0-0: Foul Ball, location: 2F
0-1: Called Strike
0-2: Ball
1-2: Ball
2-2: Fly out, F7 (Line Drive, 7, EV 100.0 MPH)
Batting: RHB Fytor Ceia Pickoff Throw to First - Out! 1-3
Bottom of the 4th over - 0 runs, 0 hits, 0 errors, 0 left on base; Ellenburg 6 - Salt Lake City 2
TOP OF THE 5TH
Ellenburg Fighting Dachsunds batting - Pitching for Salt Lake City Buzz : RHP Guillermo Guerrero
Batting: RHB Peter Heard 0-0: Called Strike
0-1: Foul Ball, location: 2F
0-2: Foul Ball, location: 2F
0-2: Foul Ball, location: 2F
0-2: Ball
1-2: Strikes out looking
Batting: RHB Manuel Guillama 0-0: Ball
1-0: Ball
2-0: Ball
3-0: Base on Balls
Batting: RHB Sameen Shaw 0-0: Called Strike
0-1: Ball
1-1: Foul Ball, location: 2F
1-2: Ball
2-2: Grounds into double play, 6-4-3 (Groundball, 6, EV 81.9 MPH)
Top of the 5th over - 0 runs, 0 hits, 0 errors, 0 left on base; Ellenburg 6 - Salt Lake City 2
BOTTOM OF THE 5TH
Salt Lake City Buzz batting - Pitching for Ellenburg Fighting Dachsunds : RHP Arturo Mesa
Batting: RHB Fytor Ceia 0-0: Ground out 4-3 (Groundball, 4, EV 101.2 MPH)
Batting: RHB Hui-ying Sun 0-0: Foul Ball, location: 2F
0-1: Ball
1-1: Ball
2-1: Ball
3-1: Base on Balls
Batting: RHB Frank Simon 0-0: Called Strike
0-1: Ball
1-1: SINGLE (Groundball, 6MD, EV 101.9 MPH)
Hui-ying Sun to second
Batting: SHB Cheong-hun Kang 0-0: Ball
1-0: Foul Ball, location: 2F
1-1: Ball
2-1: Swinging Strike
2-2: Ball
3-2: SINGLE (Line Drive, 6M, EV 99.4 MPH)
Hui-ying Sun to third
Frank Simon to second
Batting: RHB Germán Espantoso 0-0: Called Strike
0-1: Swinging Strike
0-2: Foul Ball, location: 2F
0-2: Ball
1-2: Ball
2-2: Strikes out swinging
Batting: LHB Jackson Curry 0-0: DOUBLE (Line Drive, 89M, EV 98.1 MPH)
Hui-ying Sun scores
Frank Simon scores
Cheong-hun Kang to third
Runner from 3rd tries for Home, SAFE, throw by CF to home
Batting: RHB Scott Ramsey 0-0: Called Strike
0-1: Foul Ball, location: 2F
0-2: Foul Ball, location: 2F
0-2: Ball
1-2: Ball
2-2: Fly out, F9 (Flyball, 9S, EV 83.8 MPH)
Bottom of the 5th over - 3 runs, 3 hits, 0 errors, 1 left on base; Ellenburg 6 - Salt Lake City 5
TOP OF THE 6TH
Ellenburg Fighting Dachsunds batting - Pitching for Salt Lake City Buzz : RHP Guillermo Guerrero
Pitching: RHP Hirohisa Niiya
Batting: LHB Lowell Evans 0-0: Fly out, F7 (Flyball, 78D, EV 97.5 MPH)
Batting: RHB Al Grant 0-0: Ball
1-0: Foul Ball, location: 2F
1-1: Ball
2-1: Ball
3-1: Base on Balls
Batting: RHB Sze Qi 0-0: Swinging Strike
0-1: Fly out, F9 (Flyball, 89D, EV 89.4 MPH)
Batting: RHB Arvi Sutinen 0-0: Ball
1-0: Called Strike
1-1: Ball
2-1: Ball
3-1: Base on Balls
Al Grant to second
Batting: RHB Alfredo Martínez 0-0: 3-RUN HOME RUN (Flyball, 9D, EV 90.0 MPH), Distance : 392 ft
Pitching: RHP Gunner Hines
Batting: LHB Louie Shufflebotham 0-0: Foul Ball, location: 2F
0-1: Ball
1-1: Ball
2-1: Fly out, F3 (Popup, 3SF, EV 82.5 MPH)
Top of the 6th over - 3 runs, 1 hit, 0 errors, 0 left on base; Ellenburg 9 - Salt Lake City 5
BOTTOM OF THE 6TH
Salt Lake City Buzz batting - Pitching for Ellenburg Fighting Dachsunds : RHP Arturo Mesa
Batting: LHB Orlando Casillas 0-0: Ball
1-0: Ground out 4-3 (Groundball, 4, EV 76.9 MPH)
Batting: RHB Fontana Contaldo 0-0: Called Strike
0-1: Ball
1-1: Swinging Strike
1-2: Strikes out swinging
Batting: RHB Fytor Ceia 0-0: Ball
1-0: Foul Ball, location: 2F
1-1: Foul Ball, location: 2F
1-2: Foul Ball, location: 2F
1-2: Ground out 5-3 (Groundball, 56, EV 90.0 MPH)
Bottom of the 6th over - 0 runs, 0 hits, 0 errors, 0 left on base; Ellenburg 9 - Salt Lake City 5
TOP OF THE 7TH
Ellenburg Fighting Dachsunds batting - Pitching for Salt Lake City Buzz : RHP Gunner Hines
Batting: RHB Peter Heard 0-0: Called Strike
0-1: Fly out, F4 (Popup, 34S, EV 81.2 MPH)
Batting: RHB Manuel Guillama 0-0: Called Strike
0-1: Ball
1-1: Ground out 4-3 (Groundball, 4S, EV 80.0 MPH)
Batting: RHB Sameen Shaw 0-0: Ball
1-0: Called Strike
1-1: Ground out 1-3 (Groundball, 13, EV 65.0 MPH)
Top of the 7th over - 0 runs, 0 hits, 0 errors, 0 left on base; Ellenburg 9 - Salt Lake City 5
BOTTOM OF THE 7TH
Salt Lake City Buzz batting - Pitching for Ellenburg Fighting Dachsunds : RHP Arturo Mesa
Pitching: RHP Jude Cordingley
Batting: RHB Hui-ying Sun 0-0: Called Strike
0-1: Ball
1-1: Ball
2-1: SINGLE (Line Drive, 8RS, EV 93.8 MPH)
Batting: RHB Frank Simon 0-0: Ball
1-0: Foul Ball, location: 2F
1-1: Called Strike
1-2: Strikes out swinging
Batting: SHB Cheong-hun Kang 0-0: Called Strike
0-1: Swinging Strike
0-2: 2-RUN HOME RUN (Flyball, 9LD, EV 94.4 MPH), Distance : 347 ft
Batting: RHB Germán Espantoso 0-0: Ball
1-0: Ground out 4-3 (Groundball, 4, EV 93.8 MPH)
Batting: LHB Jackson Curry 0-0: Ball
1-0: Called Strike
1-1: Foul Ball, location: 2F
1-2: Strikes out swinging
Bottom of the 7th over - 2 runs, 2 hits, 0 errors, 0 left on base; Ellenburg 9 - Salt Lake City 7
TOP OF THE 8TH
Ellenburg Fighting Dachsunds batting - Pitching for Salt Lake City Buzz : RHP Gunner Hines
Batting: LHB Lowell Evans 0-0: Fly out, F8 (Flyball, 78D, EV 94.4 MPH)
Batting: RHB Al Grant 0-0: Ball
1-0: Called Strike
1-1: Swinging Strike
1-2: Ball
2-2: Strikes out swinging
Batting: RHB Sze Qi 0-0: Ball
1-0: Called Strike
1-1: Called Strike
1-2: SINGLE (Groundball, 4, EV 108.1 MPH) (infield hit)
Batting: RHB Arvi Sutinen 0-0: Ball
Sze Qi steals 2nd base
1-0: Ball
2-0: Foul Ball, location: 2F
2-1: Ball
3-1: Foul Ball, location: 2F
3-2: Base on Balls
Batting: RHB Alfredo Martínez 0-0: Ground out 1-3 (Groundball, 13S, EV 73.8 MPH)
Top of the 8th over - 0 runs, 1 hit, 0 errors, 2 left on base; Ellenburg 9 - Salt Lake City 7
BOTTOM OF THE 8TH
Salt Lake City Buzz batting - Pitching for Ellenburg Fighting Dachsunds : RHP Jude Cordingley
Batting: RHB Scott Ramsey 0-0: Swinging Strike
0-1: Foul Ball, location: 2F
0-2: Fly out, F7 (Line Drive, 7, EV 91.2 MPH)
Batting: LHB Orlando Casillas 0-0: Ground out 3-1 (Groundball, 34, EV 81.9 MPH)
Batting: RHB Fontana Contaldo 0-0: Ball
1-0: Called Strike
1-1: Called Strike
1-2: Foul Ball, location: 2F
1-2: Ground out 6-3 (Groundball, 6, EV 86.2 MPH)
Bottom of the 8th over - 0 runs, 0 hits, 0 errors, 0 left on base; Ellenburg 9 - Salt Lake City 7
TOP OF THE 9TH
Ellenburg Fighting Dachsunds batting - Pitching for Salt Lake City Buzz : RHP Gunner Hines
Batting: LHB Louie Shufflebotham 0-0: Foul Ball, location: 2F
0-1: Swinging Strike
0-2: Foul Ball, location: 2F
0-2: Foul Ball, location: 2F
0-2: Ball
1-2: Ball
2-2: Foul Ball, location: 2F
2-2: Fly out, F8 (Line Drive, 8LD, EV 95.0 MPH)
Batting: RHB Peter Heard 0-0: Fly out, F8 (Flyball, 8LD, EV 105.0 MPH)
Batting: RHB Manuel Guillama 0-0: Ball
1-0: Ball
2-0: Foul Ball, location: 2F
2-1: Ball
3-1: DOUBLE (Groundball, 5L, EV 105.0 MPH)
Batting: RHB Sameen Shaw 0-0: Ground out 1-3 (Groundball, 15, EV 71.2 MPH)
Top of the 9th over - 0 runs, 1 hit, 0 errors, 1 left on base; Ellenburg 9 - Salt Lake City 7
BOTTOM OF THE 9TH
Salt Lake City Buzz batting - Pitching for Ellenburg Fighting Dachsunds : RHP Jude Cordingley
Pitching: RHP Rafael García
Batting: RHB Fytor Ceia 0-0: Ball
1-0: Called Strike
1-1: Swinging Strike
1-2: Fly out, F9 (Line Drive, 9D, EV 87.5 MPH)
Batting: RHB Hui-ying Sun 0-0: Foul Ball, location: 2F
0-1: Ground out 4-3 (Groundball, 34, EV 103.1 MPH)
Batting: RHB Frank Simon 0-0: Called Strike
0-1: Ball
1-1: Fly out, F8 (Flyball, 89D, EV 81.2 MPH)
Bottom of the 9th over - 0 runs, 0 hits, 0 errors, 0 left on base; Ellenburg 9 - Salt Lake City 7
Friday, April 17th, 2020 - OOTP Baseball 20.8 Build 74